 Dungeon Crawl Stone Soup version 0.20.1-1-g8b1a95d (webtiles) character file.

176 Ladykiller69 the Charmwright (level 5, 0/38 HPs)
             Began as a Formicid Skald on Aug 22, 2017.
             Slain by a water moccasin skeleton (7 damage)
             ... on level 4 of the Dungeon.
             The game lasted 00:07:47 (2646 turns).

Ladykiller69 the Charmwright (Formicid Skald)       Turns: 2646, Time: 00:07:47

Health: 0/38       AC:  5    Str: 17    XL:     5   Next: 86%
Magic:  7/10       EV: 12    Int: 12    God:
Gold:   107        SH:  0    Dex: 10    Spells: 4/10 levels left

rFire    . . .     SeeInvis +   a - +0 hand axe
rCold    . . .     Gourm    .   (no shield)
rNeg     . . .     Faith    .   b - +0 leather armour
rPois    .         Spirit   .   (helmet unavailable)
rElec    .         Reflect  .   (no cloak)
rCorr    .         Harm     .   w - +0 pair of gloves
MR       .....                  f - +0 pair of boots
Stlth    +.........             (no amulet)
Regen    0.2/turn               (no ring)
MPRegen  0.2/turn               (no ring)

@: infused
A: permanent stasis, dig shafts and tunnels, four strong arms, antennae 3
a: Dig, Shaft Self


You were on level 4 of the Dungeon.
You were not hungry.

You visited 1 branch of the dungeon, and saw 4 of its levels.

You collected 107 gold pieces.

Inventory:

Hand Weapons
 a - a +0 hand axe (weapon)
Armour
 b - a +0 leather armour (worn)
 f - a +0 pair of boots (worn)
 w - a +0 pair of gloves (worn)
 x - a +0 scale mail
Jewellery
 y - an uncursed amulet of faith {unknown}
Scrolls
 h - a scroll of enchant weapon {unknown}
 i - a scroll of recharging {unknown}
 l - 2 scrolls of noise {unknown}
 o - a scroll of immolation {unknown}
 r - 2 scrolls of remove curse {unknown}
 s - a scroll of magic mapping {unknown}
 t - 3 scrolls of identify {unknown}
 z - a scroll of fear {unknown}
Potions
 e - a potion of degeneration {unknown}
 g - 4 potions of flight {unknown}
 j - 3 potions of ambrosia {unknown}
 m - 3 potions of agility {unknown}
 q - a potion of heal wounds {unknown}
 u - a potion of berserk rage {unknown}
 v - 2 potions of curing {unknown}
Books
 c - a book of Battle

   Spells                             Type                      Level
   a - Infusion                       Charms                       1
   b - Shroud of Golubria             Charms/Translocation         2
   c - Song of Slaying                Charms                       2
   d - Spectral Weapon                Hexes/Charms                 3
   e - Regeneration                   Charms/Necromancy            3
Comestibles
 d - a bread ration
 k - 10 fruits
 n - 2 royal jellies
 p - 3 chunks of flesh
 A - a meat ration


   Skills:
 - Level 2.1 Fighting
 - Level 2.0 Axes
 - Level 1.1 Armour
 - Level 2.0 Dodging
 + Level 3.4 Spellcasting
 + Level 2.3 Hexes
 + Level 4.1 Charms
 * Level 1.8 Translocations


You had 4 spell levels left.
You knew the following spells:

 Your Spells              Type           Power        Failure   Level  Hunger
a - Infusion              Chrm           ##..         4%          1    #......
b - Shroud of Golubria    Chrm/Tloc      #.........   12%         2    ##.....
c - Spectral Weapon       Hex/Chrm       #.......     22%         3    ###....


Dungeon Overview and Level Annotations

Branches:
Dungeon (4/15)
 Temple: D:4-7

Altars:


Innate Abilities, Weirdness & Mutations

You cannot be hasted, slowed, berserked, paralysed or teleported.
You can dig through walls and to a lower floor.
Your four strong arms can wield two-handed weapons with a shield.
You have a pair of large antennae on your head. (SInv)


Message History

Confirm with . or Enter, or press ? or * to list all spells.
You begin infusing your attacks with magical energy.
The water moccasin skeleton bites you but does no damage.
The water moccasin skeleton barely misses you.
You barely miss the water moccasin skeleton.
The water moccasin skeleton bites you.
You barely miss the water moccasin skeleton.
The water moccasin skeleton barely misses you.
The water moccasin skeleton bites you.
* * * LOW HITPOINT WARNING * * *
You barely miss the water moccasin skeleton.
The water moccasin skeleton bites you.
* * * LOW HITPOINT WARNING * * *
The ball python closely misses you. The ball python misses you.
You slash the water moccasin skeleton!
The water moccasin skeleton is moderately damaged.
You hit the ball python!
You kill the ball python!
The water moccasin skeleton bites you!
You die...

...# ###### ######
...###....####.#..
................#
................+
.....<..........# #
................# .#
...####...###..## ..#
...####...###..###...##.
...........#>...@Z......
...........#....$.......
...........#............
...........#.........##.
...........#.........#
.....#########..##...#
.....# #.%# ####
.......# ...= ..[....#


You could see a water moccasin skeleton.

Vanquished Creatures
  An iguana (D:4)
  5 adders
  3 gnolls (D:2)
  An ooze (D:2)
  A worm (D:3)
  5 dart slugs
  3 orcs (D:4)
  2 ball pythons
  4 giant cockroaches
  5 hobgoblins
  5 kobolds
  A quokka (D:2)
  9 bats
  4 frilled lizards
  8 goblins
  6 rats
63 creatures vanquished.

Notes
Turn   | Place    | Note
-------+----------+-------------------------------------------
     0 | D:1      | Ladykiller69 the Formicid Skald began the quest for the Orb.
     0 | D:1      | Reached XP level 1. HP: 16/16 MP: 3/3
   209 | D:1      | Reached XP level 2. HP: 21/22 MP: 1/5
   540 | D:1      | Learned a level 2 spell: Shroud of Golubria
   664 | D:2      | Reached XP level 3. HP: 26/27 MP: 1/7
  1013 | D:2      | Learned a level 3 spell: Spectral Weapon
  1326 | D:2      | Reached XP level 4. HP: 25/33 MP: 3/8
  1384 | D:2      | Reached skill level 1 in Hexes
  1961 | D:3      | Reached XP level 5. HP: 38/38 MP: 8/10
  2061 | D:3      | Reached skill level 4 in Charms
  2061 | D:3      | Reached skill level 1 in Translocations
  2646 | D:4      | Slain by a water moccasin skeleton

Skill      XL: |  1  2  3  4  5 |
---------------+----------------+-----
Dodging        | 2 |  2.0
Spellcasting   | 3 |  3.4
Hexes          | 1 2 |  2.3
Charms         | 4 |  4.1
Translocations | 1 |  1.8
Fighting       | |  2.1
Axes           | |  2.0
Armour         | |  1.1

Action                   |  1- 3 |  4- 6 || total
-------------------------+-------+-------++-------
Melee: Hand axe          |    97 |    98 ||   195
 Cast: Infusion          |    10 |     9 ||    19
       Shroud of Golubri |       |     2 ||     2
       Spectral Weapon   |       |     2 ||     2
 Abil: Dig               |     2 |       ||     2
 Stab: Distracted        |       |     1 ||     1
  Eat: Chunk             |     1 |     6 ||     7
Armor: Leather armour    |    37 |    22 ||    59
Dodge: Dodged            |    77 |    72 ||   149
